 Dungeon Crawl Stone Soup version 0.19-a0-1041-g82b1012 (webtiles) character file.

109 Gruud the Twirler (level 4, 0/33 HPs)
             Began as a Demonspawn Gladiator on July 30, 2016.
             Slain by a hobgoblin
             ... wielding a +0 club
              (4 damage)
             ... on level 2 of the Dungeon.
             The game lasted 00:04:34 (1108 turns).

Gruud the Twirler (Demonspawn Gladiator)            Turns: 1108, Time: 00:04:35

Health: 0/33       AC:  4    Str: 16    XL:     4   Next: 60%
Magic:  4/4        EV: 12    Int:  9    God:
Gold:   23         SH:  0    Dex: 14    Spells: 0 memorised, 3 levels left

rFire  . . .     SeeInvis .     a - +0 quarterstaff
rCold  . . .     Gourm    .     b - +0 leather armour
rNeg   . . .     Faith    .     (shield currently unavailable)
rPois  .         Spirit   .     c - +0 helmet
rElec  .         Dismiss  .     (no cloak)
rCorr  .         Reflect  .     (no gloves)
SustAt .         Harm     .     (no boots)
MR     .....                    (no amulet)
Stlth  +.........               (no ring)
                                (no ring)

@: not resistant to hostile enchantments, very unstealthy
A: hooves 1, powered by death 1
a: no special abilities


You were on level 2 of the Dungeon.
You were not hungry.

You visited 1 branch of the dungeon, and saw 3 of its levels.

You collected 23 gold pieces.

Inventory:

Hand Weapons
 a - a +0 quarterstaff (weapon)
Missiles
 d - a throwing net (quivered)
 n - 12 poisoned needles
Armour
 b - a +0 leather armour (worn)
 c - a +0 helmet (worn)
Scrolls
 e - a scroll of enchant weapon {unknown}
 h - a scroll of blinking {unknown}
 i - 2 scrolls of remove curse {unknown}
 j - a scroll of amnesia {unknown}
 m - a scroll of identify {unknown}
 o - a scroll of teleportation {unknown}
 q - a scroll of random uselessness {unknown}
 t - a scroll of immolation {unknown}
Potions
 k - a potion of degeneration {unknown}
 r - a potion of curing {unknown}
 u - a potion of heal wounds {unknown}
Comestibles
 f - 5 bread rations
 g - a chunk of flesh
 l - a meat ration
 p - 4 fruits
 s - a beef jerky


   Skills:
 - Level 2.0 Fighting
 * Level 4.9 Staves
 - Level 1.7 Throwing
 - Level 2.6 Dodging


You had 3 spell levels left.
You didn't know any spells.

Dungeon Overview and Level Annotations

Branches:
Dungeon (3/15)

Altars:


Innate Abilities, Weirdness & Mutations

You have large cloven feet.
You regenerate a little health from kills.


Message History

You butcher the adder corpse.
g - 6 chunks of flesh (gained 1)
You see here an adder skeleton.
You feel sick.
You start resting.
You feel sick. x3
Some of the chunks of flesh in your inventory have rotted away.
You feel sick. x4
You are no longer poisoned.
You start resting.
A hobgoblin comes into view. It is wielding a club.
You start resting.
The hobgoblin shouts!
The hobgoblin hits you with a club.
* * * LOW HITPOINT WARNING * * *
You closely miss the hobgoblin.
You kick the hobgoblin, but do no damage.
The hobgoblin hits you but does no damage.
You hit the hobgoblin but do no damage. The hobgoblin hits you with a club.
You die...

#### #..# #..####
#.....### #.###...####
###### ##.#####.##..
##.....## ###...........#
#.......####...#######.###
........g@รท...## ##....
.........####.# #.....
...>.....# #.# ###.....
........[# #.# ........
......$..# ##.# ##.######.
..(......###..# #.. ####.
...(.....##..####.####..g.
.........#..........g..###
......>......###..######


You could see a hobgoblin.

Vanquished Creatures
  3 adders
  4 gnolls
  An ooze (D:1)
  A worm (D:2)
  3 ball pythons (D:1)
  2 giant cockroaches
  6 hobgoblins
  3 kobolds
  5 bats
  2 giant newts
  2 goblins (D:1)
  7 rats
39 creatures vanquished.

Vanquished Creatures (others)
  5 toadstools (D:1)
5 creatures vanquished.

Grand Total: 44 creatures vanquished

Notes
Turn   | Place    | Note
-------+----------+-------------------------------------------
     0 | D:1      | Gruud the Demonspawn Gladiator began the quest for the Orb.
     0 | D:1      | Reached XP level 1. HP: 16/16 MP: 1/1
   159 | D:1      | Reached skill level 3 in Staves
   159 | D:1      | Gained mutation: You regenerate a little health from kills. [demonic ancestry]
   159 | D:1      | Reached XP level 2. HP: 19/22 MP: 2/2
   299 | D:1      | Gained mutation: You have large cloven feet. [demonic ancestry]
   299 | D:1      | Reached XP level 3. HP: 27/27 MP: 3/3
   465 | D:2      | Reached skill level 4 in Staves
   681 | D:1      | Reached XP level 4. HP: 30/33 MP: 4/4
  1108 | D:2      | Slain by a hobgoblin

Vault maps used:
D:1:      ldierk_walled_garden, minmay_misc_feat_nine_boxes, minivault_26,
          minmay_shallow_snake_nest
D:2:      first_bread, kennysheep_boxes

Skill      XL: |  1  2  3 |
---------------+----------+-----
Staves         | 3 4 |  4.9
Fighting       | |  2.0
Throwing       | |  1.7
Dodging        | |  2.6

Action                   |  1- 3 |  4- 6 || total
-------------------------+-------+-------++-------
Melee: Quarterstaff      |   111 |    30 ||   141
       Kick              |     8 |    10 ||    18
Throw: Throwing net      |     3 |       ||     3
  Eat: Chunk             |       |     1 ||     1
Armor: Leather armour    |    31 |     3 ||    34
Dodge: Dodged            |    74 |    15 ||    89
